 Dungeon Crawl Stone Soup version 0.29.1-2-gbd0b4ee654 (webtiles) character file.

Game seed: 3501514106470992158

368 zeram the Cudgeller (level 6, -4/39 HPs)
             Began as a Gargoyle Fighter on Nov 3, 2022.
             Slain by an ogre
             ... wielding a +0 giant club
              (15 damage)
             ... on level 4 of the Dungeon.
             The game lasted 00:05:30 (2816 turns).

zeram the Cudgeller (Gargoyle Fighter)              Turns: 2816, Time: 00:05:31

Health: -4/39      AC: 17    Str: 21    XL:     6   Next: 69%
Magic:  6/6        EV: 13    Int:  9    God:
Gold:   175        SH:  5    Dex:  9    Spells: 5/5 levels left

rFire   . . .      SeeInvis .   a - +1 flail
rCold   . . .      Faith    .   c - +1 buckler
rNeg    + . .      Spirit   .   b - +0 scale mail
rPois   ∞          Reflect  .   (no helmet)
rElec   +          Harm     .   p - +1 cloak
rCorr   .          Rampage  .   (no gloves)
Will    .....                   r - +2 pair of boots
Stlth   ..........              q - amulet of the acrobat
HPRegen 0.13/turn               m - +4 ring of evasion
MPRegen 0.10/turn               (no ring)

@: about to teleport
A: sickness immunity, AC +4, negative energy resistance 1, electricity
resistance, torment resistance 1, petrification resistance
a: no special abilities


You were on level 4 of the Dungeon.
You visited 1 branch of the dungeon, and saw 4 of its levels.

You collected 175 gold pieces.

Inventory:

Hand Weapons
 a - a +1 flail (weapon)
Missiles
 h - a throwing net (quivered)
Armour
 b - a +0 scale mail (worn)
 c - a +1 buckler (worn)
 p - a +1 cloak (worn)
 r - a +2 pair of boots (worn)
Jewellery
 l - an amulet of faith
 m - a +4 ring of evasion (left hand)
 q - an amulet of the acrobat (around neck)
Scrolls
 e - 2 scrolls of enchant weapon
 j - a scroll of teleportation
Potions
 f - 2 potions of curing
 g - 2 potions of flight
 i - a potion of degeneration
 k - 2 potions of magic
 n - 2 potions of haste
 o - a potion of heal wounds


   Skills:
 + Level 4.3 Fighting
 + Level 4.7 Maces & Flails
 + Level 4.5 Armour
 + Level 1.3 Dodging
 + Level 4.1 Shields


You had 5 spell levels left.
You didn't know any spells.
Your spell library contained the following spells:

 Spells                   Type           Power      Damage    Failure   Level
 Gell's Gravitas          Tloc           0%         N/A       99%         3
 Lesser Beckoning         Tloc           0%         N/A       99%         3
 Teleport Other           Tloc           0%         N/A       99%         3


Dungeon Overview and Level Annotations

Branches:
Dungeon (4/15)
 Temple: D:4-7

Altars:
Vehumet

Annotations:
D:4 Blork the orc


Innate Abilities, Weirdness & Mutations

You are immune to sickness and miasma.
Your stone body is resilient. (AC +4)
You are immune to poison.
You resist negative energy. (rN+)
You are resistant to electric shocks. (rElec)
You are resistant to unholy torment.
You are immune to petrification.


Message History

The black bear closely misses you.
The black bear claws you but does no damage.
The black bear barely misses you.
You sock the black bear!
You kill the black bear!
You see here an adder corpse.
You see here an amulet of the acrobat.
You feel a little less mighty now.
HP restored.
Blork the orc and an ogre come into view.
Blork the orc shouts!
The ogre shouts!
Blork the orc gestures wildly while chanting.
Blork the orc seems to speed up.
There are monsters nearby!
There are monsters nearby!
There are monsters nearby!
There are monsters nearby!
Blork the orc points at you and mumbles some strange words.
The puff of frost hits you.
Blork the orc casts a cantrip, but nothing happens.
Blork the orc casts a spell at you. The puff of frost misses you.
The ogre misses you.
You barely miss the ogre. Blork the orc closely misses you.
You barely miss the ogre. Blork the orc casts a spell at you.
The puff of frost hits you. The ogre hits you with a +0 giant club.
Blork the orc hits you with a +0 dire flail.
You thump the ogre!
The ogre is heavily wounded.
Blork the orc barely misses you. The ogre hits you with a +0 giant club.
Blork the orc hits you with a +0 dire flail.
You are too injured to fight recklessly!
As you read the scroll of teleportation, it crumbles to dust.
You feel strangely unstable. You block Blork the orc's attack.
The ogre barely misses you.
You hit Blork the orc but do no damage.
Blork the orc hits you with a +0 dire flail!
* * * LOW HITPOINT WARNING * * *
You block Blork the orc's attack. The ogre hits you with a +0 giant club!
You die...

#.###...## #.##8...8#
##.###"..##
####...##...#
#.##...##...##
#.##...#8...8#
#.##...##...####
#.##...##...##8###8#.#
#......##.....@O......
####
#.#....#8......o......
....#
#..##..##............#
..#..#
##..##.###8###8###8###
#.....##
##.##.######### #
#....
#.###..##.########
####... #.#
#............# #......
#.###.###.#####... #
#.####.
#..##.###.######...
....####.


You could see Blork the orc (fast) and an ogre.

Vanquished Creatures
  A black bear (D:4)
  An ogre (D:4)
  A phantom (D:4)
  A hound (D:4)
  An iguana (D:3)
  An adder (D:4)
  A worm (D:2)
  A dart slug (D:2)
  3 orcs
  8 endoplasms
  A giant cockroach (D:4)
  5 goblins
  2 hobgoblins
  3 kobolds
  5 ball pythons
  6 bats
  A frilled lizard (D:1)
  3 rats
45 creatures vanquished.

Notes
Turn   | Place    | Note
-------+----------+-------------------------------------------
     0 | D:1      | zeram the Gargoyle Fighter began the quest for the Orb.
     0 | D:1      | Reached XP level 1. HP: 14/14 MP: 1/1
    68 | D:1      | Reached XP level 2. HP: 16/19 MP: 2/2
   733 | D:2      | Identified the +2 leather armour "Zanuit" {rElec rPois
                  | Regen+}
  1013 | D:2      | Reached XP level 3. HP: 24/24 MP: 3/3
  1606 | D:3      | Reached XP level 4. HP: 21/29 MP: 4/4
  2041 | D:4      | Found a radiant altar of Vehumet.
  2390 | D:4      | Noticed an ogre
  2400 | D:4      | Killed an ogre
  2401 | D:4      | Reached skill level 1 in Dodging
  2401 | D:4      | Reached XP level 5. HP: 20/33 MP: 5/5
  2413 | D:4      | Noticed a phantom
  2423 | D:4      | Killed a phantom
  2424 | D:4      | Reached XP level 6. HP: 20/38 MP: 6/6
  2730 | D:4      | Noticed a black bear
  2745 | D:4      | Killed a black bear
  2808 | D:4      | Noticed Blork the orc
  2816 | D:4      | Slain by an ogre

Illustrated notes

Levels and vault maps discovered:
D:1:      tarquinn_simple_flora_water_d, layout_rooms
D:2:      layout_rooms
D:3:      layout_loops_ring
D:4:      layout_rooms, vehumet_crystals, corexii_hall_statues_l,
          uniq_blork_the_orc

Skill      XL: |  1  2  3  4  5  6 |
---------------+-------------------+-----
Fighting       | 4 |  4.3
Maces & Flails | 3 4 |  4.7
Armour         | 4 |  4.5
Dodging        | 1 |  1.3
Shields        | 4 |  4.1

Action                   |  1- 3 |  4- 6 || total
-------------------------+-------+-------++-------
Melee: Flail             |   107 |    78 ||   185
  Use: Scroll            |     6 |     9 ||    15
       Potion            |       |     2 ||     2
Armor: Scale mail        |    63 |    38 ||   101
Dodge: Dodged            |    68 |    68 ||   136
Block: Buckler           |    29 |    17 ||    46
